AoeStats
← Marbas

Black Forest

508302647Analyzed
4v4 RM · 10d ago on Sep 21, 2026· 45m 17s· 8 players
Game mode
Random Map
Map size
Large (8 player)
Population
200
Speed
Normal
Resources
Standard
Victory
Conquest
Starting age
Dark Age
Ending age
Imperial Age
RankedLock teamsTeams togetherTeam positionsShared explorationLock speedFull tech treeHidden civsTurbo modeCheats
Victory
Defeat
🇷🇺 Lithuanians · Russia
1783
+10
🇲🇽 Khmer · Mexico
1693
+14
🇷🇺 Bohemians · Russia
1688
+14
🇲🇽 Persians · Mexico
1674
+15
🇨🇿 Berbers · Czechia
1747
-16
🇩🇪 Japanese · Germany
1635
-13
🇧🇷 Saracens · Brazil
1620
-12
🇧🇷 Lithuanians · Brazil
1605
-12
VX | Obligame Perro!
4:57 Loom
11:06 Feudal Age
11:31 Double-Bit Axe
15:48 Castle Age
14:14 Double-Bit Axe
14:46 Horse Collar
16:32 Bow Saw
23:39 Wheelbarrow
23:12 Heavy Plow
24:00 Gold Mining
25:12 Hand Cart
25:18 Hand Cart
29:30 Imperial Age
27:35 Scale Barding Armor
28:22 Forging
28:24 Bloodlines
28:15 Husbandry
28:59 Chain Barding Armor
30:46 Chemistry
29:08 Cavalier
30:44 Plate Barding Armor
31:09 Iron Casting
30:29 Savar
30:58 Savar
33:22 Two-Man Saw
32:52 Crop Rotation
35:03 Blast Furnace
35:09 Light Cavalry
36:24 Hussar
38:17 Scale Mail Armor
38:08 Fletching
37:46 Pikeman
39:51 Chain Mail Armor
46:05 Conscription
|Thepejezombie
0:45 Loom
13:03 Feudal Age
17:47 Castle Age
16:07 Double-Bit Axe
17:01 Horse Collar
18:41 Bow Saw
30:07 Imperial Age
28:25 Wheelbarrow
29:07 Heavy Plow
29:56 Town Watch
31:57 Chemistry
30:21 Heavy Scorpion
31:32 Conscription
32:12 Double Crossbow
32:22 Siege Engineers
36:02 Pikeman
38:17 Halberdier
40:20 Scale Mail Armor
40:30 Forging
42:17 Light Cavalry
43:08 Bloodlines
42:59 Husbandry
43:08 Hussar
44:50 Iron Casting
44:22 Scale Barding Armor
Marbas
0:39 Loom
11:31 Feudal Age
11:59 Double-Bit Axe
13:24 Horse Collar
18:25 Castle Age
19:20 Bow Saw
19:32 Heavy Plow
23:55 Wheelbarrow
24:42 Ballistics
25:24 Fervor
28:44 Chemistry
28:13 Scale Mail Armor
28:18 Treadmill Crane
30:04 Masonry
32:29 Imperial Age
30:45 Chain Mail Armor
30:10 Pikeman
31:21 Hand Cart
30:52 Town Watch
31:38 Forging
31:47 Squires
33:28 Iron Casting
32:44 Fletching
32:41 Houfnice
33:58 Siege Engineers
33:42 Halberdier
36:32 Conscription
36:47 Plate Mail Armor
36:20 Padded Archer Armor
38:22 Architecture
38:54 Blast Furnace
38:11 Leather Archer Armor
37:46 Arson
40:46 Wagenburg Tactics
40:39 Bodkin Arrow
42:58 Ring Archer Armor
45:04 Bracer
PLEBUSHEK
9:20 Feudal Age
10:20 Loom
13:14 Castle Age
12:16 Double-Bit Axe
18:36 Sanctity
24:39 Redemption
24:40 Fervor
26:07 Town Watch
30:09 Horse Collar
30:44 Bow Saw
30:34 Gold Mining
34:29 Wheelbarrow
38:54 Imperial Age
36:43 Scale Barding Armor
37:50 Forging
38:00 Chain Barding Armor
38:20 Heavy Plow
38:51 Hand Cart
39:04 Bloodlines
38:54 Husbandry
40:13 Plate Barding Armor
39:00 Cavalier
40:54 Two-Man Saw
41:04 Iron Casting
40:32 Paladin
43:31 Guilds
45:42 Conscription
DaKrankVieh
1:51 Loom
9:51 Feudal Age
9:53 Man-at-Arms
10:26 Double-Bit Axe
10:44 Arson
21:57 Castle Age
27:35 Fletching
33:43 Imperial Age
34:20 Scale Mail Armor
43:14 Wheelbarrow
Sorrateiro
5:34 Loom
11:56 Feudal Age
12:30 Double-Bit Axe
13:12 Gold Mining
13:06 Horse Collar
15:28 Castle Age
17:24 Bow Saw
22:07 Heavy Plow
23:22 Wheelbarrow
24:37 Gold Shaft Mining
24:13 Stone Mining
25:54 Hand Cart
28:52 Imperial Age
27:02 Scale Barding Armor
27:11 Forging
28:16 Chain Barding Armor
27:46 Town Watch
28:32 Coinage
29:47 Iron Casting
29:27 Bloodlines
29:18 Husbandry
30:09 Banking
30:44 Two-Man Saw
30:28 Plate Barding Armor
31:27 Chemistry
31:31 Conscription
30:33 Elite Mameluke
31:44 Onager
33:26 Blast Furnace
34:15 Caravan
33:58 Light Cavalry
34:54 Hussar
35:56 Siege Onager
37:44 Siege Engineers
37:20 Treadmill Crane
37:51 Masonry
coxinha_iodo
0:26 Loom
14:24 Feudal Age
15:20 Double-Bit Axe
18:12 Castle Age
18:03 Horse Collar
19:10 Bow Saw
20:01 Wheelbarrow
31:00 Imperial Age
29:29 Hand Cart
30:44 Sanctity
30:35 Fervor
31:24 Town Watch
32:01 Block Printing
32:22 Theocracy
32:13 Illumination
32:01 Redemption
32:58 Chemistry
33:15 Padded Archer Armor
34:30 Leather Archer Armor
34:36 Fortified Wall
36:36 Caravan
38:00 Ring Archer Armor
Franczesco
10:33 Feudal Age
14:08 Castle Age
12:16 Double-Bit Axe
12:12 Horse Collar
15:06 Bow Saw
14:49 Stone Mining
17:50 Wheelbarrow
20:18 Gold Mining
20:38 Loom
21:32 Scale Barding Armor
21:24 Light Cavalry
22:42 Devotion
24:03 Fletching
29:44 Imperial Age
27:23 Bodkin Arrow
29:06 Padded Archer Armor
32:19 Chemistry
31:37 Bracer
34:23 Bloodlines
35:04 Leather Archer Armor
40:20 Husbandry
42:43 Hand Cart
43:10 Ballistics
Connection lost

Rejoining the realm…

Still unreachable

The connection could not be restored.

Session expired

The server has moved on; the page needs a fresh start.